Map: Port Aleksander LE

Players

Nordy - Winner!

  • Race: Protoss Protoss
  • League: Diamond
  • Spawn Location: 5:00

Thien

  • Race: Terran Terran
  • League: Master
  • Spawn Location: 11:00

VOD

Have the link to the VOD?

Description

Time

  • Played on: Dec. 10, 2018, 7:29 p.m.
  • Length: 11:51
Show
View Real Time Build Order
Export as new Build Order

Nordy Protoss - Winner!

Build Orders: 1 Gate Expand, Blink Stalkers 

Get SALT Encoding   

  12  0:01  Probe  
  13  0:13  Probe  
  14  0:18  Pylon  
  14  0:25  Probe  
  15  0:34  Probe  
  15  0:38  Gateway  
  16  0:43  Probe  
  16  0:45  Assimilator  
  17  0:52  Probe  
  18  1:04  Probe  
  19  1:16  Probe  
  20  1:27  Nexus  
  20  1:37  Cybernetics Core  
  20  1:42  Assimilator  
  20  1:45  Probe  
  21  1:53  Pylon  
  21  1:57  Probe  
  22  2:05  Adept  
  22  2:09  Probe  
  25  2:18  Warp Gate  
  25  2:22  Twilight Council, Probe  
  26  2:30  Stalker  
  28  2:42  Probe  
  28  2:43  Probe  
  28  2:48  Blink  
  28  2:50  Probe  
  28  2:51  Probe  
  32  2:59  Probe  
  33  3:10  Probe  
  33  3:11  Pylon  
  34  3:14  Gateway  
  34  3:17  Probe  
  35  3:23  Probe  
  36  3:30  Robotics Facility  
  36  3:35  Probe  
  37  3:41  Probe  
  37  3:47  Probe  
  39  3:54  Gateway  
  39  3:55  Gateway  
  39  3:57  Forge  
  39  3:58  Probe  
  40  4:05  Pylon, Probe  
  41  4:10  Probe  
  42  4:17  Observer, Probe  
  42  4:21  Stalker x2  
  48  4:24  Protoss Ground Weapons Level 1  
  48  4:31  Assimilator  
  48  4:33  Pylon, Probe x2  
  48  4:36  Assimilator  
  50  4:45  Stalker  
  50  4:46  Stalker  
  50  4:50  Stalker  
  56  4:57  Probe  
  56  4:58  Probe  
  56  5:20  Probe x2  
  56  5:21  Charge  
  58  5:35  Stalker x2  
  62  5:43  Nexus  
  62  5:45  Pylon, Templar Archives  
  62  5:46  Pylon  
  62  6:00  Probe x2  
  62  6:03  Zealot x4  
  72  6:10  Protoss Ground Weapons Level 2  
  72  6:11  Psionic Storm  
  72  6:12  Probe  
  72  6:13  Probe  
  72  6:17  Warp Prism  
  76  6:24  Probe  
  76  6:25  Probe  
  78  6:29  Stalker  
  78  6:31  Stalker  
  82  6:35  Stalker  
  84  6:40  Probe x2  
  84  6:46  Pylon  
  86  6:52  Pylon  
  86  6:55  Pylon  
  86  6:56  Zealot  
  86  6:57  Zealot x2  
  86  6:59  High Templar  
  94  7:18  High Templar x2  
  94  7:19  Zealot  
  100  7:23  Probe x3  
  103  7:35  Probe  
  103  7:36  Pylon  
  104  7:39  Zealot  
  104  7:40  Zealot  
  108  7:48  Probe x3  
  111  7:55  Zealot x2  
  115  8:08  Gateway  
  115  8:09  Gateway  
  115  8:10  Zealot x2  
  115  8:12  Gateway  
  117  8:14  Gateway  
  117  8:16  Probe x3, Assimilator  
  117  8:18  Assimilator  
  116  8:28  Zealot x2  
  116  8:29  Protoss Ground Weapons Level 3  
  118  8:37  High Templar x2  
  118  8:38  Probe x3  
  121  8:42  Archon  
  121  8:54  High Templar  
  121  8:55  High Templar  
  125  8:56  Gateway  
  125  8:57  Gateway  
  125  8:59  Archon  
  125  9:00  Gateway  
  125  9:02  Gateway  
  125  9:04  Gateway  
  125  9:05  High Templar  
  125  9:06  High Templar  
  124  9:23  Zealot x4  
  94  9:45  Zealot  
  94  9:46  High Templar x4  
  94  9:47  High Templar, Zealot  
  94  9:48  Zealot  
  110  10:00  Archon x2  
  110  10:01  Zealot x2  
  110  10:02  Stalker x2, Zealot  
  110  10:04  Warp Prism  
  120  10:10  Nexus  
  120  10:12  Pylon  
  120  10:14  Pylon  
  120  10:17  Pylon  
  122  10:25  High Templar x2  
  122  10:27  Zealot x3  
  132  10:30  Pylon  
  132  10:32  Pylon  
  132  10:33  Pylon  
  132  10:35  Pylon, Archon  
  132  10:36  High Templar x2  
  132  10:38  Zealot x4  
  132  10:39  Zealot  
  132  10:40  Archon  
  132  10:41  Gateway  
  132  10:42  Gateway  
  146  10:44  Gateway  
  146  10:46  Gateway  
  146  11:02  Zealot x3  
  146  11:03  Zealot x5  
  162  11:12  Observer  
  163  11:24  Archon  
  143  11:39  Zealot x3  
  149  11:40  Zealot x4  
  149  11:41  Zealot x2  
Show
View Real Time Build Order
Export as new Build Order

Thien Terran 

Build Orders: Reaper Expand 

Get SALT Encoding   

  12  0:00  SCV  
  13  0:12  SCV  
  14  0:18  Supply Depot  
  14  0:25  SCV  
  15  0:40  SCV  
  15  0:42  Barracks  
  16  0:46  Refinery  
  16  0:52  SCV  
  17  1:04  SCV  
  18  1:16  SCV  
  19  1:28  Orbital Command  
  19  1:30  Reaper  
  20  1:45  Command Center  
  20  1:54  SCV  
  20  1:55  Refinery  
  21  2:02  Supply Depot  
  21  2:05  Marine  
  22  2:08  SCV  
  23  2:19  Factory  
  23  2:24  SCV  
  23  2:26  Barracks Reactor  
  24  2:36  SCV  
  25  2:48  SCV  
  26  2:58  Orbital Command  
  26  3:03  Starport  
  26  3:04  Marine x2, Widow Mine  
  30  3:07  SCV  
  32  3:20  SCV  
  32  3:23  Marine x2  
  32  3:26  Widow Mine  
  36  3:27  SCV  
  36  3:33  SCV  
  38  3:43  SCV  
  38  3:44  Medivac, Marine  
  38  3:45  SCV  
  38  3:47  Barracks  
  43  3:49  Barracks  
  43  3:54  Supply Depot  
  43  3:57  Widow Mine  
  43  4:00  Marine  
  46  4:10  Engineering Bay  
  46  4:13  Engineering Bay  
  46  4:15  SCV x2  
  48  4:28  SCV  
  48  4:29  SCV, Starport Reactor  
  48  4:30  Factory Tech Lab  
  50  4:34  Barracks Tech Lab  
  50  4:37  Barracks Tech Lab  
  50  4:39  Terran Infantry Weapons Level 1  
  50  4:40  Terran Infantry Armor Level 1  
  50  4:41  SCV  
  50  4:43  SCV  
  52  4:48  Supply Depot  
  52  4:50  Bunker  
  52  4:53  SCV  
  52  4:55  SCV  
  52  4:56  Combat Shield  
  52  4:57  Stimpack  
  52  4:59  Supply Depot  
  54  5:09  Marine x2  
  56  5:15  SCV x2  
  56  5:21  Refinery  
  50  5:23  Refinery  
  50  5:24  Marine x2  
  50  5:26  Medivac x2  
  50  5:27  SCV x2  
  58  5:33  Supply Depot  
  58  5:39  Barracks, SCV  
  58  5:40  Barracks, SCV  
  60  6:01  SCV x2  
  60  6:02  Concussive Shells  
  60  6:04  Marauder x3  
  68  6:06  Medivac  
  70  6:11  Supply Depot  
  70  6:13  SCV x2  
  70  6:16  Armory  
  72  6:22  Command Center  
  72  6:25  SCV  
  73  6:26  Supply Depot  
  73  6:27  Widow Mine x2  
  73  6:28  Barracks Tech Lab  
  73  6:31  Barracks Reactor x2  
  77  6:38  Supply Depot  
  77  6:41  Supply Depot  
  77  6:45  SCV x2  
  79  6:48  Marauder, Widow Mine x2  
  79  6:52  Medivac x2  
  89  6:57  SCV x2  
  91  7:02  Marauder x2  
  95  7:18  SCV x2  
  97  7:23  Medivac x2  
  97  7:25  Widow Mine x2  
  97  7:27  Marine x3  
  97  7:28  Marauder  
  110  7:31  Supply Depot, Refinery  
  110  7:34  Marauder  
  110  7:35  Refinery  
  112  7:44  Marine, Marauder  
  112  7:45  SCV x2, Marine  
  112  7:46  Widow Mine x2  
  112  7:49  Marauder  
  112  7:51  Marine  
  125  7:52  Marine  
  125  7:54  Terran Infantry Armor Level 2  
  125  7:56  Marauder  
  128  8:02  Marine x2  
  130  8:06  Marauder  
  130  8:10  Marauder  
  130  8:13  Marine x2  
  130  8:17  Marauder  
  133  8:22  Missile Turret  
  133  8:23  Missile Turret  
  133  8:24  Orbital Command  
  133  8:43  Ghost Academy  
  133  8:45  Terran Infantry Weapons Level 2, Barracks  
  133  8:47  Barracks  
  133  8:55  Supply Depot  
  133  9:08  SCV, Marine  
  133  9:09  SCV  
  132  9:10  Marauder  
  132  9:17  Marine x2, Marauder x2, Viking  
  132  9:19  Marine  
  132  9:20  SCV  
  132  9:21  SCV  
  127  9:26  Marine  
  127  9:31  Marauder  
  119  9:35  Marine x2  
  119  9:37  Marine  
  108  9:39  Marauder x2  
  108  9:44  Marine  
  102  9:50  SCV x2  
  102  9:56  Widow Mine  
  102  9:57  Widow Mine  
  110  10:11  Marine  
  110  10:12  Marine x2  
  109  10:15  Barracks  
  109  10:17  Barracks  
  109  10:19  Barracks Reactor, Barracks Tech Lab  
  109  10:23  SCV x2, Starport  
  109  10:26  Sensor Tower  
  111  10:30  Sensor Tower  
  111  10:33  Command Center  
  111  10:39  Missile Turret, Unknown, Widow Mine x2  
  111  10:40  Missile Turret, Marine x2, Unknown x2  
  111  10:41  Medivac x2  
  127  10:44  Marine  
  127  10:45  Marauder  
  127  10:46  SCV  
  131  11:03  Marine x2  
  133  11:04  Barracks Tech Lab  
  133  11:05  Barracks Tech Lab  
  133  11:06  Marauder  
  133  11:07  Marine  
  133  11:08  SCV, Unknown x3, Marauder  
  133  11:09  Marauder  
  141  11:11  Marauder  
  135  11:27  Marine x2, Marauder  
  135  11:28  Marauder x2  
  135  11:30  Marauder  
  135  11:32  Marine x2  
  109  11:35  Starport Reactor  
Tags
 
Add a new tag
Caveats
  • Supply blocks, unpowered buildings, or Contaminate may cause inaccurate times.
  • Supply counts are checked every 10 seconds.